 Dungeon Crawl Stone Soup version 0.29-a0-690-g32ab5fea29 (webtiles) character file.

Game seed: 1489625438527131330

670 EiAlmux the Conjurer (level 7, -9/38 HPs)
             Began as a Deep Elf Conjurer on June 25, 2022.
             Mangled by Duvessa
             ... wielding a +0 rapier
              (19 damage)
             ... on level 5 of the Dungeon.
             The game lasted 00:11:29 (5657 turns).

EiAlmux the Conjurer (Deep Elf Conjurer)            Turns: 5657, Time: 00:11:29

Health: -9/38      AC:  3    Str:  4    XL:     7   Next: 32%
Magic:  17/26      EV: 14    Int: 25    God:
Gold:   301        SH:  0    Dex: 13    Spells: 14/17 levels left

rFire   . . .      SeeInvis +   j - +6 hand axe of the Undead {speed, SInv}
rCold   . . .      Faith    .   (no shield)
rNeg    . . .      Spirit   .   a - +0 robe
rPois   .          Reflect  .   (no helmet)
rElec   .          Harm     .   c - scarf {shadows}
rCorr   .          Rampage  .   (no gloves)
Will    .....                   C - +0 pair of boots
Stlth   +++.......              (no amulet)
HPRegen 0.12/turn               A - ring of magical power
MPRegen 0.20/turn               (no ring)

@: no status effects
A: no striking features
a: no special abilities


You were on level 5 of the Dungeon.
You visited 1 branch of the dungeon, and saw 5 of its levels.
You also visited: Sewer.

You collected 301 gold pieces.

Inventory:

Hand Weapons
 j - the +6 hand axe of the Undead (weapon) {speed, SInv}
   (You took it off a goblin on level 2 of the Dungeon)

   Attacks with this weapon are significantly faster.
   SInv:      It lets you see invisible.
Armour
 a - a +0 robe (worn)
 c - a scarf of shadows (worn)
 C - a +0 pair of boots (worn)
 D - a +0 helmet
Magical Staves
 k - a staff of fire
Jewellery
 A - a ring of magical power (left hand)
 E - a ring of ice
Wands
 z - a wand of light (13)
Scrolls
 b - a scroll of magic mapping {unknown}
 d - 3 scrolls of silence
 f - a scroll of immolation {unknown}
 h - 2 scrolls of fog
 l - 3 scrolls of teleportation
 n - a scroll of noise {unknown}
 p - a scroll of acquirement {unknown}
 s - a scroll of summoning
 v - a scroll of amnesia {unknown}
 y - a scroll of poison {unknown}
 F - a scroll of identify
 G - a scroll of enchant weapon {unknown}
Potions
 e - a potion of might
 g - a potion of magic
 i - 3 potions of haste
 m - 3 potions of flight
 o - a potion of invisibility {unknown}
 q - a potion of lignification
 r - 2 potions of curing {unknown}
 t - a potion of brilliance
 u - 2 potions of heal wounds {unknown}
 w - a potion of degeneration {unknown}
 x - a potion of mutation {unknown}
 B - a potion of ambrosia {unknown}


   Skills:
 - Level 1.0 Fighting
 + Level 5.1 Dodging
 + Level 5.6 Stealth
 + Level 5.9 Spellcasting
 + Level 6.1 Conjurations
 * Level 1.1 Hexes


You had 14 spell levels left.
You knew the following spells:

 Your Spells              Type           Power      Damage    Failure   Level
a - Magic Dart            Conj           100%       1d8       1%          1
b - Searing Ray           Conj           76%        2d7       1%          2

Your spell library contained the following spells:

 Spells                   Type           Power      Damage    Failure   Level
 Dazzling Flash           Conj/Hex       50%        N/A       4%          3
 Fulminant Prism          Conj/Hex       12%        3d9       17%         4
 Ozocubu's Armour         Ice            7%         N/A       22%         3
 Iskenderun's Mystic Bla  Conj/Tloc      22%        2d6       22%         4
 Anguish                  Hex/Necr       5%         N/A       52%         4
 Metabolic Englaciation   Hex/Ice        5%         N/A       86%         5
 Silence                  Hex/Air        5%         N/A       86%         5
 Agony                    Necr           7%         N/A       91%         5
 Simulacrum               Ice/Necr       3%         N/A       100%        6
 Enfeeble                 Hex            6%         N/A       100%        7


Dungeon Overview and Level Annotations

Branches:
Dungeon (5/15)              Sewer (visited)
 Temple: D:4-7

Altars:
Kikubaaqudgha
Okawaru

Shops:
D:3 [   D:4 *=

Annotations:
D:3 3 runed translucent doors, Sat's ghost, amateur NaMo
D:4 Menkaure
D:5 Duvessa


Message History

The magic dart hits Duvessa.
Duvessa is lightly wounded.
Duvessa shouts!
Duvessa goes berserk!
Casting: Magic Dart (safe; 1% risk of failure)
Confirm with . or Enter, or press ? or * to list all spells.
Aiming: Magic Dart (safe; 1% risk of failure)
Press: ? - help, Shift-Dir - straight line, f/p - Duvessa
Aim: Duvessa, wielding a +0 rapier and wearing a +2 leather armour of poison resistance (lightly wounded, berserk, 100% to hit)
The magic dart hits Duvessa but does no damage.
Duvessa is lightly wounded.
Casting: Magic Dart (safe; 1% risk of failure)
Confirm with . or Enter, or press ? or * to list all spells.
Aiming: Searing Ray (safe; 1% risk of failure)
Press: ? - help, Shift-Dir - straight line, f/p - Duvessa
Aim: Duvessa, wielding a +0 rapier and wearing a +2 leather armour of poison resistance (lightly wounded, berserk, 83% to hit)
The searing ray hits Duvessa but does no damage.
Duvessa is lightly wounded. (Press . to maintain the ray.)
The searing ray hits Duvessa!
Duvessa is moderately wounded.
Duvessa hits you with a +0 rapier!
The searing ray hits Duvessa.
Duvessa is moderately wounded.
Duvessa hits you with a +0 rapier!
The searing ray hits Duvessa.
Duvessa is moderately wounded.
You finish channelling your searing ray.
Duvessa closely misses you. x2
Okay, then.
Okay, then.
Press: ? - help, v - describe, . - travel The floor, spattered with blood.
As you read the scroll of fog, it crumbles to dust.
The scroll dissolves into smoke.
Duvessa hits you with a +0 rapier.
* * * LOW HITPOINT WARNING * * *
Duvessa rages.
Duvessa hits you with a +0 rapier!!
Ouch! That really hurt!
You die...

#...###..##..##
........#...###..##..##
........#..............
........#..............
........#........†.....
........#..............
....§§§§#..............
....§§e§'.....)........
....§§@§#.....†........
....§§§.#....##.##...##
....§§§.#....##.##...#.
........#.......#....'.
........#.......#....#.
........#.......#....#.
.#.......#....#.
######..##.....
##########


You could see Duvessa (berserk).

Vanquished Creatures
  2 ogres (D:4)
  A scorpion (D:4)
  Dowan (D:5)
  A jelly (D:4)
  2 hounds
  An orc priest (D:4)
  4 gnolls (D:4)
  2 river rats (Sewer)
  14 adders
  3 worms
  A dart slug (D:2)
  11 orcs
  14 ball pythons
  6 endoplasms
  2 giant cockroaches (D:4)
  5 hobgoblins
  3 quokkas
  4 bats
  4 frilled lizards
  4 goblins
  4 kobolds
  8 rats
97 creatures vanquished.

Vanquished Creatures (others)
  A human (D:4)
1 creature vanquished.

Grand Total: 98 creatures vanquished

Notes
Turn   | Place    | Note
-------+----------+-------------------------------------------
     0 | D:1      | EiAlmux the Deep Elf Conjurer began the quest for the Orb.
     0 | D:1      | Reached XP level 1. HP: 10/10 MP: 6/6
   312 | D:1      | Reached XP level 2. HP: 16/16 MP: 6/8
   323 | D:1      | Learned a level 2 spell: Searing Ray
  1064 | D:2      | Reached skill level 1 in Fighting
  1064 | D:2      | Reached XP level 3. HP: 20/20 MP: 4/9
  1065 | D:2      | Identified the +6 hand axe of the Undead {speed, SInv}
  2091 | D:2      | Reached XP level 4. HP: 25/25 MP: 9/11
  2607 | D:3      | Found a glowing drain.
  2616 | Sewer    | Entered a sewer
  2735 | Sewer    | Reached skill level 5 in Conjurations
  2807 | Sewer    | Reached XP level 5. HP: 20/29 MP: 8/13
  3490 | D:3      | Found Wezauqijet's Antique Armour Boutique.
  3509 | D:3      | Found a runed translucent gate.
  3509 | D:3      | Found a runed translucent gate.
  3510 | D:3      | Found a runed translucent gate.
  3525 | D:3      | Noticed Sat's ghost (amateur NaMo)
  3572 | D:3      | Found an iron altar of Okawaru.
  3830 | D:4      | Reached XP level 6. HP: 15/34 MP: 5/15
  3839 | D:4      | HP: 1/34 [poisoned by a scorpion]
  4179 | D:4      | Reached skill level 5 in Spellcasting
  4319 | D:4      | Found an ancient bone altar of Kikubaaqudgha.
  4323 | D:4      | Noticed a human
  4325 | D:4      | Killed a human
  4333 | D:4      | Reached skill level 5 in Stealth
  4343 | D:4      | Found Azxem's One-of-a-Kind Rings.
  4435 | D:4      | Reached XP level 7. HP: 36/38 MP: 8/17
  4580 | D:4      | Noticed Menkaure
  4941 | D:4      | Reached skill level 5 in Dodging
  4941 | D:4      | Reached skill level 6 in Conjurations
  4992 | D:4      | Found Ulatoaral's Mass Market.
  5167 | D:5      | Entered Level 5 of the Dungeon
  5593 | D:5      | Noticed Dowan
  5594 | D:5      | Noticed Duvessa
  5605 | D:5      | Killed Dowan
  5633 | D:5      | Reached skill level 1 in Hexes
  5657 | D:5      | Mangled by Duvessa

Illustrated notes

Levels and vault maps discovered:
D:1:      psy_arrival_spokes, layout_basic
D:2:      layout_loops_corners, minmay_unequal
D:3:      layout_rooms, okawaru_ov_weapons_minmay, gammafunk_ghost_necromancy,
          serial_shops, nicolae_shop_crystal, cheibrodos_sewer_entry_bend
D:4:      layout_rooms, tgw_kikubaaqudgha, nicolae_shop_unique_rings,
          minmay_shop_mass, st_stairs_7, minmay_misc_feat_hallway,
          guppyfry_early_lair_pool, uniq_menkaure
D:5:      layout_gridville, uniq_duvessa

Skill      XL: |  1  2  3  4  5  6  7 |
---------------+----------------------+-----
Fighting       | 1 |  1.0
Stealth        | 3 4 5 |  5.6
Dodging        | 3 4 5 |  5.1
Spellcasting   | 4 5 |  5.9
Conjurations   | 5 6 |  6.1
Hexes          | 1 |  1.1

Action                   |  1- 3 |  4- 6 |  7- 9 || total
-------------------------+-------+-------+-------++-------
Melee: Hand axe          |       |     5 |       ||     5
 Cast: Magic Dart        |    67 |    61 |    24 ||   152
       Searing Ray       |     1 |    14 |     7 ||    22
  Use: Potion            |     1 |       |       ||     1
       Scroll            |       |     9 |     1 ||    10
Armor: Robe              |     3 |     2 |     1 ||     6
Dodge: Dodged            |     4 |    24 |     5 ||    33

Table legend: (Time is in decaauts)
 A = Elapsed time spent in this place.
 B = Non-inter-level travel time spent in this place.
 C = Inter-level travel time spent in this place.
 D = Time resting spent in this place.
 E = Time spent auto-exploring this place.
 F = Levels seen in this place.
 G = Mean time per level.
                   A        B        C        D        E       F      G
               +--------+--------+--------+--------+--------+-----+--------+
         Total |   5719 |   5453 |    266 |    467 |   4265 |   6 |  953.2 |
       Dungeon |   5079 |   4813 |    266 |    467 |   3767 |   5 | 1015.8 |
         Sewer |    639 |    639 |      0 |      0 |    498 |   1 |  639.0 |
               +--------+--------+--------+--------+--------+-----+--------+

Top non-repeatable levels by time:
     D:2: 1538 daAuts
     D:4: 1397 daAuts
     D:1: 871 daAuts
     D:3: 782 daAuts
   Sewer: 639 daAuts
     D:5: 489 daAuts
